General information
- name: BNet
- type: Ladder team game (AT/RT)
- host: Battle.net
- saver: Flameshaped
map: MarketSquare
- players: 8
- length: 45:43
- speed: Fast
- version: 1.26 W3XP
- replay type: Public
» download(373 KB)
Players
team 1 (winner)
Lord_Jack (
purple | 53 APM | 2252 actions | 42:51)
10 Death Knight
3 Death Coil
3 Unholy Aura
1 Animate Dead
3 Death Pact
1 Mountain King
1 Thunder Clap
» actions
| Assign group hotkey | 107 | |
| Basic commands | 17 | |
| Build / train | 62 | |
| Enter build submenu | 16 | |
| Enter hero's abilities submenu | 11 | |
| Right click | 949 | |
| Select / deselect | 276 | |
| Select group hotkey | 754 | |
| Use ability | 60 | |
2252 total
» units
| Acolyte | 5 | |
| Ghoul | 7 | |
| Crypt Fiend | 12 | |
| Frost Wyrm | 6 | |
| Gryphon Rider | 3 | |
33 total
» upgrades
| Creature Attack | 3 | |
| Creature Carapace | 3 | |
| Web | 1 | |
| Freezing Breath | 1 | |
8 total
» buildings
| Ziggurat | 6 | |
| Altar of Darkness | 1 | |
| Crypt | 1 | |
| Nerubian Tower | 1 | |
| Graveyard | 1 | |
| Tomb of Relics | 1 | |
| Spirit Tower | 3 | |
| Halls of the Dead | 1 | |
| Black Citadel | 1 | |
| Sacrificial Pit | 1 | |
| Boneyard | 2 | |
19 total
» build order
00:15 Ziggurat
00:21 Altar of Darkness
00:43 Crypt
02:09 Nerubian Tower
05:09 Graveyard
05:27 Tomb of Relics
05:35 Ziggurat
05:45 Ziggurat
06:38 Spirit Tower
08:04 Halls of the Dead
08:05 Spirit Tower
09:19 Ziggurat
10:59 Black Citadel
11:05 Sacrificial Pit
11:22 Spirit Tower
13:38 Boneyard
13:42 Boneyard
16:29 Ziggurat
17:04 Ziggurat
» items
| Rod of Necromancy | 2 | |
| Scroll of Town Portal | 1 | |
3 total

»
Flameshaped (
green | 60 APM | 2741 actions | 45:43)
7 Blademaster
3 Critical Strike
3 Wind Walk
1 Bladestorm
7 Dark Ranger
3 Black Arrow
3 Silence
1 Charm
» actions
| Assign group hotkey | 273 | |
| Basic commands | 131 | |
| Build / train | 97 | |
| ESC pressed | 2 | |
| Enter build submenu | 37 | |
| Enter hero's abilities submenu | 14 | |
| Give item / drop item | 1 | |
| Right click | 1366 | |
| Select / deselect | 299 | |
| Select group hotkey | 340 | |
| Use ability | 181 | |
2741 total
» units
| Peon | 14 | |
| Grunt | 9 | |
| Tauren | 11 | |
| Shaman | 6 | |
| Troll Witch Doctor | 4 | |
| Peasant | 8 | |
52 total
» upgrades
| Berserker Strength | 1 | |
| Armor | 3 | |
| Shaman Training | 2 | |
| Witch Doctor Training | 2 | |
| Pulverize | 1 | |
| Melee Weapons | 3 | |
| Pillage | 1 | |
| Spiked Barricades | 1 | |
14 total
» buildings
| Altar of Storms | 1 | |
| Orc Burrow | 10 | |
| Barracks | 2 | |
| Voodoo Lounge | 2 | |
| Stronghold | 1 | |
| Arcane Tower | 1 | |
| War Mill | 3 | |
| Fortress | 1 | |
| Great Hall | 3 | |
| Spirit Lodge | 2 | |
| Tauren Totem | 2 | |
| Watch Tower | 5 | |
| Town Hall | 1 | |
| Arcane Sanctum | 2 | |
| Keep | 1 | |
37 total
» build order
00:32 Altar of Storms
00:35 Orc Burrow
00:58 Barracks
01:44 Voodoo Lounge
01:52 Voodoo Lounge
02:17 Orc Burrow
03:37 Stronghold
04:34 Orc Burrow
04:43 Arcane Tower
05:19 War Mill
05:26 Barracks
07:10 Fortress
08:58 Great Hall
10:30 Spirit Lodge
10:32 Spirit Lodge
10:35 Tauren Totem
10:38 Tauren Totem
13:27 War Mill
13:54 Watch Tower
13:57 Watch Tower
14:39 Orc Burrow
18:20 Orc Burrow
18:25 Orc Burrow
26:32 Watch Tower
26:33 Watch Tower
26:39 Watch Tower
31:35 Great Hall
33:13 Town Hall
36:23 Orc Burrow
36:26 Orc Burrow
36:29 Orc Burrow
36:31 Orc Burrow
37:15 War Mill
37:24 Great Hall
41:10 Arcane Sanctum
41:26 Arcane Sanctum
45:23 Keep
» items
| Healing Salve | 3 | |
| Lesser Clarity Potion | 1 | |
| Potion of Healing | 1 | |
| Scroll of Healing | 2 | |
| Potion of Lesser Invulnerability | 1 | |
| Circlet of Nobility | 1 | |
| Orb of Lightning | 1 | |
| Scroll of Town Portal | 1 | |
11 total
allo. (
red | 71 APM | 3025 actions | 42:45)
8 Mountain King
3 Storm Bolt
3 Thunder Clap
2 Avatar
6 Paladin
2 Divine Shield
3 Devotion Aura
1 Resurrection
» actions
| Basic commands | 4 | |
| Build / train | 180 | |
| Enter build submenu | 68 | |
| Enter hero's abilities submenu | 21 | |
| Remove unit from queue | 5 | |
| Right click | 1754 | |
| Select / deselect | 792 | |
| Use ability | 200 | |
3025 total
» units
| Peasant | 33 | |
| Footman | 8 | |
| Rifleman | 6 | |
| Knight | 15 | |
| Gryphon Rider | 12 | |
| Siege Engine | 4 | |
78 total
» upgrades
| Defend | 1 | |
| Masonry | 0 | |
| Gunpowder | 1 | |
| Armor | 1 | |
| Lumber Harvesting | 4 | |
| Animal War Training | 2 | |
| Swords | 4 | |
| Plating | 6 | |
| Barrage | 1 | |
| Storm Hammers | 1 | |
21 total
» buildings
| Altar of Kings | 3 | |
| Farm | 35 | |
| Scout Tower | 21 | |
| Lumber Mill | 2 | |
| Guard Tower | 11 | |
| Barracks | 6 | |
| Blacksmith | 3 | |
| Arcane Vault | 2 | |
| Keep | 6 | |
| Town Hall | 4 | |
| Castle | 3 | |
| Gryphon Aviary | 4 | |
| Workshop | 2 | |
102 total
» build order
00:11 Altar of Kings
00:13 Farm
00:16 Farm
00:30 Altar of Kings
00:32 Farm
00:34 Altar of Kings
00:49 Scout Tower
00:53 Farm
01:04 Lumber Mill
01:09 Scout Tower
01:16 Farm
01:24 Scout Tower
01:29 Lumber Mill
01:39 Farm
02:04 Guard Tower
02:08 Barracks
02:17 Barracks
02:20 Barracks
02:22 Guard Tower
02:38 Blacksmith
02:40 Barracks
02:49 Barracks
02:51 Barracks
03:05 Scout Tower
03:09 Farm
03:14 Farm
03:22 Arcane Vault
04:13 Scout Tower
04:43 Scout Tower
04:45 Farm
04:46 Guard Tower
04:46 Guard Tower
04:46 Guard Tower
04:53 Scout Tower
05:07 Arcane Vault
05:34 Farm
05:39 Farm
05:49 Guard Tower
06:45 Keep
07:14 Town Hall
07:26 Keep
08:10 Farm
08:11 Farm
10:10 Castle
10:13 Castle
10:22 Town Hall
11:58 Scout Tower
12:00 Scout Tower
12:01 Scout Tower
12:03 Scout Tower
12:08 Farm
12:08 Farm
12:09 Farm
12:11 Farm
12:11 Farm
12:13 Farm
12:14 Farm
12:15 Farm
12:54 Gryphon Aviary
12:55 Gryphon Aviary
13:04 Blacksmith
13:09 Blacksmith
13:29 Scout Tower
13:31 Scout Tower
13:32 Scout Tower
13:34 Scout Tower
13:38 Farm
13:39 Farm
13:39 Farm
13:40 Farm
13:41 Farm
13:42 Farm
13:44 Farm
14:49 Guard Tower
14:58 Guard Tower
14:59 Guard Tower
18:32 Gryphon Aviary
18:34 Gryphon Aviary
20:03 Farm
20:05 Farm
20:39 Farm
20:40 Farm
23:55 Workshop
23:56 Workshop
25:27 Farm
25:28 Farm
25:30 Farm
26:15 Town Hall
32:23 Town Hall
34:21 Keep
37:37 Scout Tower
37:39 Scout Tower
37:40 Scout Tower
37:42 Scout Tower
37:44 Scout Tower
37:47 Scout Tower
» items
| Scroll of Regeneration | 7 | |
| Lesser Clarity Potion | 1 | |
| Potion of Healing | 3 | |
| Scroll of Town Portal | 5 | |
| Potion of Lesser Invulnerability | 1 | |
17 total
team 2 (loser)

»
GoodGollyMolly. (
teal | 136 APM | 6220 actions | 45:41)
7 Far Seer
3 Feral Spirit
3 Chain Lighting
1 Far Sight
» actions
| Assign group hotkey | 312 | |
| Basic commands | 560 | |
| Build / train | 109 | |
| ESC pressed | 5 | |
| Enter build submenu | 50 | |
| Enter hero's abilities submenu | 7 | |
| Right click | 2421 | |
| Select / deselect | 1155 | |
| Select group hotkey | 1016 | |
| Use ability | 585 | |
6220 total
» units
| Peon | 32 | |
| Grunt | 9 | |
| Shaman | 6 | |
| Troll Witch Doctor | 8 | |
| Troll Headhunter/Berserker | 14 | |
| Spirit Walker | 2 | |
| Troll Batrider | 5 | |
76 total
» upgrades
| Shaman Training | 2 | |
| Witch Doctor Training | 2 | |
| Spirit Walker Training | 1 | |
| Reinforced Defenses | 1 | |
| Berserker Upgrade | 1 | |
| Troll Regeneration | 1 | |
| Armor | 2 | |
| Ranged Weapons | 1 | |
11 total
» buildings
| Altar of Storms | 1 | |
| Orc Burrow | 7 | |
| Voodoo Lounge | 3 | |
| Barracks | 3 | |
| War Mill | 1 | |
| Stronghold | 1 | |
| Fortress | 1 | |
| Great Hall | 2 | |
| Watch Tower | 22 | |
| Spirit Lodge | 3 | |
| Beastiary | 3 | |
47 total
» build order
00:23 Altar of Storms
00:35 Orc Burrow
01:23 Orc Burrow
01:56 Voodoo Lounge
01:59 Barracks
02:23 Orc Burrow
02:57 War Mill
03:32 Stronghold
06:19 Fortress
07:55 Great Hall
07:57 Watch Tower
07:58 Watch Tower
08:48 Spirit Lodge
08:49 Spirit Lodge
09:08 Watch Tower
09:08 Watch Tower
09:27 Spirit Lodge
10:34 Watch Tower
11:38 Watch Tower
13:15 Orc Burrow
13:17 Orc Burrow
16:07 Barracks
16:07 Barracks
19:52 Voodoo Lounge
20:13 Orc Burrow
20:13 Orc Burrow
21:43 Great Hall
21:47 Watch Tower
21:47 Watch Tower
21:48 Watch Tower
21:48 Watch Tower
21:50 Watch Tower
21:51 Watch Tower
22:27 Watch Tower
23:23 Watch Tower
23:24 Watch Tower
23:24 Watch Tower
23:26 Watch Tower
23:27 Watch Tower
23:27 Watch Tower
24:55 Watch Tower
24:56 Watch Tower
24:57 Watch Tower
32:13 Voodoo Lounge
35:03 Beastiary
35:04 Beastiary
35:06 Beastiary
» items
| Boots of Speed | 1 | |
| Staff of Teleportation | 1 | |
| Healing Salve | 2 | |
| Lesser Clarity Potion | 1 | |
| Tiny Great Hall | 1 | |
| Scroll of Town Portal | 2 | |
8 total

»
SONICRAINBOOM (
blue | 71 APM | 3261 actions | 45:41)
10 Pandaren Brewmaster
3 Breath of Fire
3 Drunken Brawler
1 Storm Earth and Fire
3 Drunken Haze
» actions
| Assign group hotkey | 25 | |
| Basic commands | 68 | |
| Build / train | 168 | |
| ESC pressed | 36 | |
| Enter build submenu | 116 | |
| Enter hero's abilities submenu | 10 | |
| Give item / drop item | 1 | |
| Right click | 1331 | |
| Select / deselect | 568 | |
| Select group hotkey | 613 | |
| Use ability | 325 | |
3261 total
» units
| Peasant | 43 | |
| Flying Machine | 23 | |
| Siege Engine | 3 | |
69 total
» upgrades
| Masonry | 3 | |
| Lumber Harvesting | 2 | |
| Gunpowder | 3 | |
| Plating | 3 | |
| Flying Machine Bombs | 1 | |
| Flak Cannons | 1 | |
| Barrage | 1 | |
| Swords | 1 | |
| Armor | 1 | |
| Storm Hammers | 1 | |
| Animal War Training | 1 | |
18 total
» buildings
| Lumber Mill | 7 | |
| Scout Tower | 81 | |
| Guard Tower | 28 | |
| Farm | 17 | |
| Arcane Tower | 11 | |
| Altar of Kings | 1 | |
| Town Hall | 5 | |
| Keep | 1 | |
| Arcane Vault | 1 | |
| Blacksmith | 2 | |
| Castle | 2 | |
| Workshop | 5 | |
| Cannon Tower | 5 | |
| Gryphon Aviary | 5 | |
| Barracks | 1 | |
172 total
» build order
00:22 Lumber Mill
00:53 Scout Tower
01:17 Scout Tower
01:19 Scout Tower
01:43 Guard Tower
01:48 Scout Tower
02:09 Guard Tower
02:12 Scout Tower
02:25 Guard Tower
02:57 Guard Tower
04:52 Scout Tower
04:56 Scout Tower
05:00 Farm
05:10 Guard Tower
05:12 Arcane Tower
05:15 Scout Tower
05:32 Guard Tower
05:36 Altar of Kings
05:43 Farm
05:44 Farm
05:45 Farm
07:20 Farm
07:41 Lumber Mill
07:44 Lumber Mill
07:52 Lumber Mill
07:58 Lumber Mill
08:01 Town Hall
08:04 Town Hall
08:51 Scout Tower
08:57 Scout Tower
09:01 Scout Tower
09:03 Scout Tower
09:12 Scout Tower
09:13 Scout Tower
09:14 Scout Tower
09:14 Scout Tower
09:15 Scout Tower
09:16 Scout Tower
09:16 Scout Tower
09:16 Scout Tower
09:17 Scout Tower
09:17 Scout Tower
09:18 Scout Tower
09:32 Arcane Tower
09:32 Guard Tower
09:33 Guard Tower
09:55 Guard Tower
10:01 Keep
10:35 Scout Tower
10:37 Scout Tower
10:37 Scout Tower
10:39 Scout Tower
10:40 Scout Tower
10:41 Scout Tower
10:42 Scout Tower
10:50 Guard Tower
10:59 Arcane Vault
11:31 Arcane Tower
11:32 Arcane Tower
11:32 Guard Tower
11:41 Guard Tower
11:45 Arcane Tower
11:46 Guard Tower
12:13 Blacksmith
12:14 Blacksmith
12:28 Guard Tower
13:07 Castle
13:40 Lumber Mill
15:21 Castle
15:33 Workshop
15:34 Workshop
15:41 Workshop
15:43 Workshop
15:46 Workshop
16:43 Farm
16:44 Farm
16:45 Farm
16:46 Farm
16:47 Farm
16:49 Farm
16:50 Farm
16:51 Farm
16:52 Farm
16:54 Farm
16:54 Farm
16:55 Farm
29:20 Scout Tower
29:21 Scout Tower
29:22 Scout Tower
29:23 Scout Tower
29:23 Scout Tower
29:24 Scout Tower
29:32 Scout Tower
29:33 Scout Tower
29:33 Scout Tower
29:33 Scout Tower
29:41 Town Hall
29:49 Arcane Tower
29:50 Guard Tower
29:50 Guard Tower
29:52 Guard Tower
29:53 Guard Tower
29:55 Cannon Tower
30:13 Scout Tower
30:13 Scout Tower
30:14 Scout Tower
30:15 Scout Tower
30:15 Scout Tower
30:15 Scout Tower
30:16 Scout Tower
30:17 Scout Tower
30:18 Scout Tower
30:18 Scout Tower
30:21 Cannon Tower
30:21 Guard Tower
30:22 Arcane Tower
30:22 Guard Tower
30:22 Guard Tower
30:47 Arcane Tower
30:48 Cannon Tower
30:50 Guard Tower
30:50 Guard Tower
31:20 Cannon Tower
31:46 Guard Tower
32:39 Lumber Mill
35:08 Gryphon Aviary
35:10 Gryphon Aviary
35:11 Gryphon Aviary
35:12 Gryphon Aviary
35:31 Gryphon Aviary
37:06 Barracks
37:47 Scout Tower
37:48 Scout Tower
37:48 Scout Tower
37:48 Scout Tower
37:49 Scout Tower
37:50 Scout Tower
37:51 Scout Tower
37:51 Scout Tower
39:36 Town Hall
39:40 Scout Tower
39:41 Scout Tower
39:41 Scout Tower
39:41 Scout Tower
39:42 Scout Tower
39:42 Scout Tower
39:43 Scout Tower
39:43 Scout Tower
39:43 Scout Tower
39:44 Scout Tower
39:44 Scout Tower
39:45 Scout Tower
39:45 Scout Tower
39:45 Scout Tower
39:46 Scout Tower
39:46 Scout Tower
39:47 Scout Tower
39:47 Scout Tower
39:48 Scout Tower
39:48 Scout Tower
39:48 Scout Tower
40:56 Guard Tower
40:58 Arcane Tower
41:00 Arcane Tower
41:00 Guard Tower
41:14 Guard Tower
41:16 Guard Tower
42:18 Cannon Tower
42:48 Arcane Tower
44:39 Town Hall
» items
| Lesser Clarity Potion | 6 | |
| Potion of Healing | 9 | |
| Scroll of Regeneration | 2 | |
| Staff of Teleportation | 1 | |
| Boots of Speed | 1 | |
| Orb of Fire | 1 | |
| Potion of Invisibility | 2 | |
| Potion of Mana | 1 | |
23 total

»
IRANSOFARAWAAAY (
yellow | 65 APM | 2970 actions | 45:41)
7 Far Seer
3 Feral Spirit
3 Chain Lighting
1 Earth Quake
6 Firelord
3 Summon Lava Spawn
3 Soul Burn
6 Tauren Chieftain
3 Shockwave
2 Endurance Aura
1 Reincarnation
» actions
| Assign group hotkey | 123 | |
| Basic commands | 219 | |
| Build / train | 114 | |
| ESC pressed | 6 | |
| Enter build submenu | 38 | |
| Enter hero's abilities submenu | 20 | |
| Give item / drop item | 4 | |
| Right click | 983 | |
| Select / deselect | 639 | |
| Select group hotkey | 534 | |
| Use ability | 290 | |
2970 total
» units
| Peon | 14 | |
| Grunt | 3 | |
| Troll Witch Doctor | 9 | |
| Shaman | 13 | |
| Spirit Walker | 2 | |
41 total
» upgrades
| Armor | 2 | |
| Troll Regeneration | 1 | |
| Witch Doctor Training | 3 | |
| Shaman Training | 2 | |
| Reinforced Defenses | 1 | |
| Spiked Barricades | 3 | |
| Spirit Walker Training | 2 | |
14 total
» buildings
| Altar of Storms | 1 | |
| Barracks | 1 | |
| Orc Burrow | 6 | |
| Voodoo Lounge | 1 | |
| War Mill | 1 | |
| Stronghold | 1 | |
| Watch Tower | 13 | |
| Spirit Lodge | 3 | |
| Fortress | 1 | |
| Great Hall | 7 | |
35 total
» build order
00:15 Altar of Storms
00:19 Barracks
00:26 Orc Burrow
01:39 Voodoo Lounge
02:11 Orc Burrow
04:17 War Mill
05:14 Orc Burrow
05:19 Stronghold
07:08 Watch Tower
07:10 Watch Tower
08:42 Spirit Lodge
08:45 Spirit Lodge
08:48 Spirit Lodge
09:03 Fortress
10:09 Watch Tower
13:22 Orc Burrow
13:23 Orc Burrow
13:37 Great Hall
14:32 Great Hall
19:01 Orc Burrow
21:09 Watch Tower
21:12 Watch Tower
23:16 Watch Tower
26:34 Watch Tower
26:36 Watch Tower
26:38 Watch Tower
26:41 Watch Tower
28:55 Watch Tower
28:57 Watch Tower
28:59 Watch Tower
30:57 Great Hall
32:30 Great Hall
37:31 Great Hall
37:40 Great Hall
41:14 Great Hall
» items
| Lesser Clarity Potion | 16 | |
| Healing Salve | 4 | |
| Orb of Lightning | 1 | |
| Scroll of Town Portal | 4 | |
| Potion of Healing | 8 | |
| Potion of Mana | 2 | |
35 total
mouth2mouth (
pink | 44 APM | 2027 actions | 45:41)
9 Paladin
3 Holy Light
3 Devotion Aura
1 Resurrection
2 Divine Shield
1 Archmage
1 Brilliance Aura
1 Mountain King
1 Bash
» actions
| Assign group hotkey | 456 | |
| Basic commands | 267 | |
| Build / train | 127 | |
| Enter build submenu | 45 | |
| Enter hero's abilities submenu | 11 | |
| Remove unit from queue | 1 | |
| Right click | 342 | |
| Select / deselect | 427 | |
| Select group hotkey | 270 | |
| Use ability | 81 | |
2027 total
» units
| Peasant | 26 | |
| Footman | 9 | |
| Knight | 23 | |
| Priest | 26 | |
| Sorceress | 1 | |
85 total
» upgrades
| Swords | 3 | |
| Plating | 3 | |
| Masonry | 3 | |
| Lumber Harvesting | 2 | |
| Priest Training | 2 | |
| Animal War Training | 1 | |
14 total
» buildings
| Altar of Kings | 1 | |
| Barracks | 2 | |
| Farm | 11 | |
| Lumber Mill | 2 | |
| Blacksmith | 1 | |
| Scout Tower | 16 | |
| Keep | 1 | |
| Guard Tower | 5 | |
| Castle | 1 | |
| Arcane Sanctum | 1 | |
| Town Hall | 2 | |
| Arcane Vault | 1 | |
44 total
» build order
00:08 Altar of Kings
00:13 Barracks
01:38 Farm
01:41 Farm
02:18 Lumber Mill
02:22 Farm
03:11 Farm
04:52 Farm
04:57 Farm
05:30 Blacksmith
05:44 Scout Tower
05:47 Scout Tower
06:38 Keep
06:41 Guard Tower
09:45 Castle
09:52 Arcane Sanctum
10:32 Barracks
12:27 Farm
15:40 Farm
15:47 Farm
15:49 Farm
15:53 Farm
19:47 Town Hall
22:13 Town Hall
23:19 Scout Tower
23:22 Scout Tower
23:28 Scout Tower
24:33 Guard Tower
24:36 Scout Tower
24:38 Scout Tower
24:43 Scout Tower
25:32 Guard Tower
26:26 Scout Tower
26:29 Scout Tower
26:33 Scout Tower
26:40 Scout Tower
27:33 Scout Tower
27:35 Scout Tower
27:37 Scout Tower
27:40 Scout Tower
28:07 Guard Tower
29:12 Guard Tower
33:33 Arcane Vault
38:47 Lumber Mill
» items
| Scroll of Regeneration | 2 | |
| Potion of Healing | 2 | |
4 total
Chat log
(00:05 / All) Flameshaped: aw man
(00:06 / All) GoodGollyMolly.: This isn't even fucking fair.
(00:07 / All) Flameshaped: may as well give up now
(00:12 / All) SONICRAINBOOM: mass level 1 noobs
(00:13 / All) IRANSOFARAWAAAY: What are you talking about
(00:15 / All) GoodGollyMolly.: Flamestruck, you wanna be a third team?
(00:20 / All) IRANSOFARAWAAAY: LOL
(00:21 / Allies) allo.: i got oj
(00:33 / All) IRANSOFARAWAAAY: That guy was probably worse than all of us.
(00:35 / Allies) Lord_Jack: lets rushç
(00:39 / Allies) Flameshaped: ok
(00:45 / All) Flameshaped: lol yeah
(00:47 / All) Flameshaped: but yeah
(00:48 / All) Flameshaped: wtf
(00:51 / All) Flameshaped: i dont stand a chance here
(00:54 / All) Flameshaped: i may as well give up now
(01:02 / All) GoodGollyMolly.: Pink is coaching Flamestruck on how to play the game. o.o
(01:06 / All) GoodGollyMolly.: Trust me, he don't care.
(01:09 / All) Flameshaped: lol wtf
(01:12 / All) IRANSOFARAWAAAY: LOL
(01:23 / Allies) Flameshaped: kil the peasant
(01:25 / Allies) Flameshaped: not the building
(01:43 / All) IRANSOFARAWAAAY: Especially if you don't like it.
(01:48 / Allies) allo.: wow
(02:05 / All) Flameshaped: ugh
(02:15 / All) GoodGollyMolly.: How is this working?
(02:48 / All) GoodGollyMolly.: Blue is one of the best fucking Warcraft players in Sweden, you don't need to coach him.
(03:02 / All) GoodGollyMolly.: God dammit, pink.
(03:05 / All) IRANSOFARAWAAAY: lol
(03:40 / Allies) allo.: wow so bad
(03:52 / All) IRANSOFARAWAAAY: LOL
(03:57 / All) GoodGollyMolly.: Pink...
(04:00 / All) IRANSOFARAWAAAY: What spell did green learn?
(04:02 / All) GoodGollyMolly.: Don't you EVER doubt the skill of a Swede.
(04:02 / All) GoodGollyMolly.: EVER.
(04:04 / All) GoodGollyMolly.: EVER.
(04:10 / All) IRANSOFARAWAAAY: lol
(04:33 / Allies) allo.: wow get some towers purple u noob
(04:34 / All) GoodGollyMolly.: Sunshine, lolipops, and...
(04:38 / All) GoodGollyMolly.: ...rainbows, everywhere.
(05:02 / All) mouth2mouth: any1 into skyping
(05:08 / All) IRANSOFARAWAAAY: Whats a skyp
(05:15 / All) GoodGollyMolly.: I prefer AOL Voice Chat from 1995.
(05:18 / All) mouth2mouth: nice
(05:21 / Allies) allo.: beter tower u noob
(05:24 / All) mouth2mouth: pussetta?
(05:28 / All) GoodGollyMolly.: I just got this 56k modem installed.
(05:30 / All) GoodGollyMolly.: It's so bitchin'.
(05:38 / All) mouth2mouth: hot
(05:40 / All) GoodGollyMolly.: Yeah.
(05:48 / All) mouth2mouth: sumtimes
(05:53 / All) GoodGollyMolly.: Nah, it's AOL. You can only use AOL and their web channels.
(05:56 / All) GoodGollyMolly.: I have a Compaq, though.
(05:59 / All) GoodGollyMolly.: Awesome machine.
(06:05 / All) GoodGollyMolly.: 16MB Ram and a 66MHz processor.
(06:21 / All) mouth2mouth: that must suxk?
(06:27 / All) GoodGollyMolly.: Nah, it rules.
(06:27 / All) mouth2mouth: does that run WC3?
(06:39 / All) GoodGollyMolly.: If I put the Memory Blaster Floppy Disk in, yes.
(06:44 / All) mouth2mouth: no way
(06:48 / All) mouth2mouth: puss
(06:56 / All) GoodGollyMolly.: No one lies on the internet.
(07:10 / All) GoodGollyMolly.: My mom said I'm not allowed
(07:12 / All) GoodGollyMolly.: until I'm 14.
(07:19 / All) mouth2mouth: ok
(07:23 / All) GoodGollyMolly.: Sorry.
(08:35 / All) mouth2mouth: green dont hurt me
(09:30 / All) mouth2mouth: gg
(09:39 / All) GoodGollyMolly.: gg
(09:40 / All) GoodGollyMolly.: wut
(10:43 / Allies) allo.: wow creep inseead of killing xpo
(11:00 / Allies) allo.: uy guys are stupid
(11:22 / All) SONICRAINBOOM: wood plz
(11:31 / Allies) allo.: stupid purple keep sittin gnoob
(11:35 / All) allo.: purple just sits in base all game
(11:43 / All) GoodGollyMolly.: Welcome to Random Team.
(11:51 / All) IRANSOFARAWAAAY: didn't he just suicide his fiends?
(11:59 / All) GoodGollyMolly.: Looks that way.
(12:00 / All) mouth2mouth: can we have play sex
(12:05 / All) mouth2mouth: pretty pelase
(12:24 / All) GoodGollyMolly.: You into candy wrappers?
(12:30 / All) GoodGollyMolly.: Just pack the stick and chew.
(13:44 / All) SONICRAINBOOM: wood plz
(13:45 / All) GoodGollyMolly.: IN THIS EPISODE OF BLUE'S CLUES
(13:47 / All) GoodGollyMolly.: WHAT IS IT
(13:50 / All) GoodGollyMolly.: THAT'S CAUSING BLUE TO SUCK SO BAD
(14:09 / All) GoodGollyMolly.: THE CLUES ARE
(14:13 / All) GoodGollyMolly.: A DRAWING OF SWEDEN
(14:16 / All) GoodGollyMolly.: A WHEELCHAIR
(14:22 / All) GoodGollyMolly.: AND A PICTURE OF FLAMESTRUCK
(15:00 / Allies) allo.: tp u fucks
(15:53 / All) SONICRAINBOOM: wood plz
(17:04 / All) GoodGollyMolly.: I like how you guys are all microing.
(17:07 / All) GoodGollyMolly.: You're sucking the fun out of the game.
(17:13 / All) IRANSOFARAWAAAY: lol
(17:29 / All) allo.: whata useless team
(17:34 / All) GoodGollyMolly.: In fairness...
(17:36 / All) IRANSOFARAWAAAY: |haha
(17:39 / All) GoodGollyMolly.: Blue is Top 100 on SC2 Europe.
(17:41 / All) allo.: to all go to an xpo to kill one hero
(17:45 / All) allo.: gotta love noobs
(17:53 / All) GoodGollyMolly.: You're 0-2.
(17:55 / All) GoodGollyMolly.: What are you going on about?
(18:04 / Allies) allo.: wake up
(18:05 / Allies) allo.: noob
(18:20 / All) allo.: sigh ... nooobs
(18:28 / All) GoodGollyMolly.: Again, you're 0-2.
(18:29 / All) GoodGollyMolly.: Stop it.
(18:43 / All) allo.: controling two teams and purple does shite all game
(18:49 / All) GoodGollyMolly.: Oh, wait.
(18:52 / All) GoodGollyMolly.: Well, you're 0-3 now.
(18:58 / All) mouth2mouth: blue does shit too
(19:00 / All) allo.: yep playing with noobs
(19:03 / All) SONICRAINBOOM: piss off
(19:06 / All) SONICRAINBOOM: i carried this team
(19:10 / All) SONICRAINBOOM: CARRIED IT TO THE GRAVE
(19:13 / All) GoodGollyMolly.: Have you made a single attack unit?
(19:20 / All) SONICRAINBOOM: yeah
(19:22 / All) SONICRAINBOOM: so shut it
(19:30 / All) GoodGollyMolly.: I like how blue is playing this like a pro wrestling bout.
(19:34 / All) GoodGollyMolly.: He's working a back-and-flow edge.
(19:39 / All) GoodGollyMolly.: Back-and-forth*
(19:46 / All) GoodGollyMolly.: To make it more exciting for the fans!
(20:28 / Allies) allo.: back u noobs
(20:33 / Allies) Lord_Jack: b
(21:09 / All) GoodGollyMolly.: Blue, this is now Civilization.
(21:15 / All) GoodGollyMolly.: Give me the Towering technology or I stab.
(21:22 / All) SONICRAINBOOM: ^_^''
(21:54 / Allies) allo.: back to base
(21:56 / Allies) allo.: u noobs
(21:58 / Allies) allo.: closer to main
(22:06 / Allies) allo.: wow
(22:34 / All) IRANSOFARAWAAAY: didn't expec that lol
(23:15 / All) GoodGollyMolly.: Oh man, that was stupid.
(23:18 / All) allo.: poor teal traps himself in
(23:36 / Allies) Flameshaped: roflcopters
(23:42 / All) GoodGollyMolly.: At least I don't trap my win-loss record into zero percentiles.
(24:35 / All) GoodGollyMolly.: I have six cities making military units right now.
(24:39 / All) GoodGollyMolly.: Prepare for war!
(26:00 / All) IRANSOFARAWAAAY: Loose is not a verb.
(26:11 / All) IRANSOFARAWAAAY: we could Loosen
(26:16 / All) IRANSOFARAWAAAY: But i don't know what we would loosen.
(27:32 / Allies) allo.: gold
(28:41 / Allies) Lord_Jack: gogogo
(29:13 / Allies) allo.: stupid green
(29:16 / Allies) allo.: why dont u help
(29:17 / Allies) allo.: wow
(29:20 / Allies) Flameshaped: no tp
(30:21 / All) GoodGollyMolly.: Death by a thousand cuts.
(30:26 / All) GoodGollyMolly.: Red lost you the game.
(30:30 / All) GoodGollyMolly.: He was by-far the worst player on the team.
(30:37 / All) GoodGollyMolly.: The guy who dropped at the beginning did more.
(32:30 / All) SONICRAINBOOM: wood plz
(33:46 / Allies) allo.: keep sitting noob
(33:52 / Allies) Flameshaped: I DONT HAVE ENOUGH TO TAKE THEM ALL ON
(34:00 / Allies) Lord_Jack: come
(34:05 / All) IRANSOFARAWAAAY: this is a ridiculous game
(34:06 / All) allo.: my so fukcin horrible
(34:10 / All) GoodGollyMolly.: You're bad.
(34:10 / All) IRANSOFARAWAAAY: LOL
(34:11 / All) GoodGollyMolly.: Stop.
(35:02 / Allies) allo.: thats game
(36:42 / Allies) Flameshaped: make breakers
(37:34 / All) GoodGollyMolly.: Has anyone here ever played Rise of the Robots?
(37:39 / All) GoodGollyMolly.: Best fighting game of the last seventy-five years.
(38:44 / All) IRANSOFARAWAAAY: How did green get a town hall?
(38:50 / All) GoodGollyMolly.: Dark Ranger, Charm.
(38:51 / All) GoodGollyMolly.: Build Hall.
(38:53 / All) IRANSOFARAWAAAY: oh righgt
(38:55 / All) IRANSOFARAWAAAY: forgot
(38:56 / All) IRANSOFARAWAAAY: cool
(38:59 / All) Flameshaped: i was going to make breakers
(39:04 / All) IRANSOFARAWAAAY: Yeah
(39:05 / All) IRANSOFARAWAAAY: Woulda raped me
(39:06 / All) Flameshaped: since these two humans on my team are too retarded to counter you
(39:10 / All) IRANSOFARAWAAAY: lol
(39:16 / All) IRANSOFARAWAAAY: yeah
(39:26 / All) GoodGollyMolly.: We loose, guys.
(39:29 / All) GoodGollyMolly.: We loose.
(39:31 / All) SONICRAINBOOM: WE SO LOOSE
(39:32 / All) IRANSOFARAWAAAY: llol
(39:33 / All) GoodGollyMolly.: My pants fittin' round my waist.
(39:40 / Allies) allo.: wtf thanks noob sfo rkilling my grpyhs
(39:47 / Allies) allo.: wow
(39:50 / All) IRANSOFARAWAAAY: hahaha
(40:20 / All) GoodGollyMolly.: Fighting against Flamestruck? You ever have to PLAY with him?
(40:21 / All) allo.: so gay purple and geren
(40:31 / All) GoodGollyMolly.: Hey Allo:
(40:35 / All) GoodGollyMolly.: What do the numbers 0 and 3 mean to you?
(40:44 / All) SONICRAINBOOM: soulda put emphasis on play WITH him
(40:44 / All) GoodGollyMolly.: Deervet?
(40:54 / All) SONICRAINBOOM: nerdghetto
(41:00 / Allies) allo.: fuckn purle leave oj
(41:01 / Allies) allo.: u fuck
(41:26 / All) GoodGollyMolly.: Dammit, don't have enough Sentry Wards to tell FlameStruck to stfu.
(41:38 / All) GoodGollyMolly.: Going to the middle, I'll do it there.
(41:39 / All) mouth2mouth: LMAO
(41:51 / All) allo.: wow blue stops oj from going to his base
(42:04 / All) GoodGollyMolly.: Wow, red gets the worst grades in his fourth-grade ESE class.
(42:07 / Allies) allo.: your a noob purple
(42:13 / Allies) allo.: stop controlling oj
(42:17 / Allies) allo.: u dumfuck
(42:22 / All) GoodGollyMolly.: Oh wow, there's a fight going on.
(42:26 / All) IRANSOFARAWAAAY: lol
(42:31 / All) IRANSOFARAWAAAY: holy shit
(42:33 / All) Flameshaped: lol hes bitching because im controlling oj
(42:34 / All) allo.: gotta lvoe fags like purple
(42:43 / All) IRANSOFARAWAAAY: 5 lava spawns just split for me
(42:44 / All) GoodGollyMolly.: Why?
(42:44 / All) mouth2mouth: My peons collect 30 lumber :)
(42:47 / Allies) Lord_Jack: fuck u guys u sucks
(42:51 / All) IRANSOFARAWAAAY: 6i mean
(42:52 / All) mouth2mouth: purp was actually good
(42:53 / All) IRANSOFARAWAAAY: I dunno what to do with these
(42:59 / All) Flameshaped: lol purp: "fuck u guys u sucks"
(43:05 / All) Flameshaped: gg boys
(43:09 / All) IRANSOFARAWAAAY: Gg
(43:10 / All) Flameshaped: i really hated playing this
(43:12 / All) Flameshaped: :P
(43:14 / All) mouth2mouth: this game sucked
(43:15 / All) GoodGollyMolly.: Well, we enjoyed it.
(43:18 / All) mouth2mouth: cant believe we won
(43:19 / All) GoodGollyMolly.: This game owned, who are you kidding?
(43:21 / All) GoodGollyMolly.: This was awesome.
(43:30 / All) mouth2mouth: u guys should have xpanded
(43:34 / All) mouth2mouth: that was ur downfall
(43:39 / All) IRANSOFARAWAAAY: LOL
(43:49 / All) IRANSOFARAWAAAY: nice
(43:50 / All) Flameshaped: two human allies with four of you getting casters and neither idiot thinks "oh maybe i should get some spellbreakers?"
(44:06 / All) IRANSOFARAWAAAY: someone just left a tome of exp in the mid
(44:08 / All) IRANSOFARAWAAAY: So i grabbed in
(44:11 / All) SONICRAINBOOM: looks way better if you turn HP bars off
(44:14 / All) IRANSOFARAWAAAY: dunno who leaves a tome of exp just sitting there
(44:16 / All) IRANSOFARAWAAAY: But thanks
(44:20 / All) Flameshaped: lol i got a tome of xp on a bottom right creep right at the start
(44:21 / All) Flameshaped: was nice
(44:30 / All) mouth2mouth: TURN OFF
(44:32 / All) mouth2mouth: so much better
(44:40 / All) Flameshaped: you boys down for another game?
(44:44 / All) IRANSOFARAWAAAY: Finalyl
(44:47 / All) IRANSOFARAWAAAY: After like 10 tries
(44:48 / All) GoodGollyMolly.: I'm done after this.
(44:48 / All) mouth2mouth: mim screning priting
(44:50 / All) IRANSOFARAWAAAY: I get an exp going again
(44:54 / All) GoodGollyMolly.: HEY FLAMESTRUCK
(44:58 / All) GoodGollyMolly.: WHAT DOES IT SAY IN THE MIDDLE OF THE MAP
(45:05 / All) IRANSOFARAWAAAY: lol
(45:06 / All) SONICRAINBOOM: hey gaddo
(45:08 / All) SONICRAINBOOM: shaddup
(45:15 / All) IRANSOFARAWAAAY: this could be like the freeze art in sc2
(45:16 / All) mouth2mouth: gg
(45:18 / All) GoodGollyMolly.: lol
(45:19 / All) IRANSOFARAWAAAY: But with sentry wards
(45:23 / All) GoodGollyMolly.: This would be an AWESOME idea.
(45:25 / All) IRANSOFARAWAAAY: Yeah
(45:26 / All) GoodGollyMolly.: Four vs. Four Art Contest!
(45:27 / All) IRANSOFARAWAAAY: We should do that
(45:32 / All) IRANSOFARAWAAAY: I'd be so down
(45:38 / All) GoodGollyMolly.: Oh, that'd be hilarious.